 Dungeon Crawl Stone Soup version 0.29.1-14-g9c671dbff4 (webtiles) character file.

Game seed: 7299717725482372756

97 Descartes the Ducker (level 4, -3/22 HPs)
             Began as a Felid Monk on Feb 17, 2023.
             Slain by a scorpion (7 damage)
             ... on level 4 of the Dungeon on Feb 18, 2023.
             The game lasted 00:05:08 (4952 turns).

Descartes the Ducker (Felid Monk)                   Turns: 4952, Time: 00:05:09

Health: -3/22      AC:  1    Str:  9    XL:     4   Next: 42%
Magic:  4/5        EV: 20    Int: 11    God:
Gold:   115        SH:  0    Dex: 19    Spells: 2/3 levels left
                                        Lives:  0   Deaths: 1

rFire   . . .      SeeInvis +     - Unarmed
rCold   . . .      Faith    .   (shield unavailable)
rNeg    . . .      Spirit   .   (body armour unavailable)
rPois   .          Reflect  .   (helmet unavailable)
rElec   .          Harm     .   (cloak unavailable)
rCorr   .          Rampage  .   (gloves unavailable)
Will    .....                   (boots unavailable)
Stlth   +++.......              (no amulet)
HPRegen 0.07/turn               (no ring)
MPRegen 0.09/turn               (no ring)

@: appendages (expiring), quick
A: horns 2, very small, claws 1, fangs 3, see invisible, speed 1, shaggy fur 1,
stealthy paws, no weapons or thrown items, no armour, multi-lived
a: End Transformation


You were on level 4 of the Dungeon.
You had temporarily grown beastly horns.
You visited 1 branch of the dungeon, and saw 4 of its levels.

You collected 115 gold pieces.

Inventory:

Wands
 h - a wand of flame (11)
Scrolls
 c - 4 scrolls of teleportation {unknown}
 e - 4 scrolls of identify {unknown}
 k - a scroll of poison {unknown}
 n - a scroll of blinking {unknown}
Potions
 a - a potion of ambrosia
 b - a potion of degeneration {unknown}
 d - 4 potions of berserk rage {unknown}
 f - a potion of invisibility {unknown}
 g - a potion of haste {unknown}
 i - a potion of lignification {unknown}
 j - a potion of flight {unknown}
 l - a potion of curing {unknown}
 m - a potion of mutation {unknown}


   Skills:
 + Level 3.8 Fighting
 + Level 5.0 Dodging
 + Level 4.3 Stealth
 + Level 3.8 Unarmed Combat
 + Level 1.9 Transmutations


You had 2 spell levels left.
You knew the following spells:

 Your Spells              Type           Power      Damage    Failure   Level
a - Beastly Appendage     Tmut           8%         N/A       16%         1

Your spell library contained the following spells:

 Spells                   Type           Power      Damage    Failure   Level
 Wereblood                Tmut           4%         N/A       24%         2
 Spider Form              Tmut/Pois      2%         N/A       58%         3
 Summon Forest            Summ/Tloc      0%         N/A       100%        5
 Eringya's Noxious Bog    Tmut/Pois      1%         N/A       100%        6
 Summon Hydra             Summ           0%         N/A       100%        7


Dungeon Overview and Level Annotations

Branches:
Dungeon (4/15)
 Temple: D:4-7

Altars:
Kikubaaqudgha
Okawaru
Xom
Zin


Innate Abilities, Weirdness & Mutations

You have temporarily grown beastly horns.
You have sharp claws.
You have razor-sharp teeth.
You have supernaturally acute eyesight. (SInv)
You cover ground quickly. (Speed+)
You are covered in fur. (AC +1)
Your paws help you pounce on unaware monsters.
You are incapable of wielding weapons or throwing items.
You cannot wear armour.
You gain extra lives every three experience levels.


Message History

The scorpion closely misses you.
You closely miss the scorpion. Your headbutt misses the scorpion.
The scorpion misses you.
You scratch the scorpion.
The scorpion is lightly wounded.
Your horns disappear.
The scorpion stings you.
You scratch the scorpion but do no damage.
The scorpion misses you.
You barely miss the scorpion.
You bite the scorpion, but do no damage.
The scorpion stings you.
You are too injured to fight recklessly!
You are too injured to fight recklessly!
You scratch the scorpion but do no damage.
The scorpion misses you. The scorpion completely misses you.
Casting: Beastly Appendage (safe; 16% risk of failure)
Confirm with . or Enter, or press ? or * to list all spells.
You grow a pair of large bovine horns.
The scorpion misses you.
You scratch the scorpion but do no damage.
The scorpion barely misses you.
You scratch the scorpion.
The scorpion is lightly wounded.
The scorpion stings you.
* * * LOW HITPOINT WARNING * * *
You barely miss the scorpion. Your headbutt misses the scorpion.
You bite the scorpion, but do no damage.
The scorpion is lightly wounded.
Your transformation is almost over.
The scorpion misses you.
You scratch the scorpion but do no damage.
The scorpion is lightly wounded.
The scorpion stings you but does no damage.
You scratch the scorpion but do no damage.
The scorpion is lightly wounded.
The scorpion closely misses you.
You barely miss the scorpion. You headbutt the scorpion.
The scorpion is moderately wounded.
The scorpion stings you!
You die...

.# #####
#######...#####..#
.......s@........#
#####.#...########
# ##.## .<.# #####


You could see a scorpion.

Vanquished Creatures
  A jelly (D:4)
  An iguana (D:4)
  An adder (D:2)
  4 gnolls
  A worm (D:3)
  A dart slug (D:2)
  An orc (D:3)
  7 ball pythons
  9 bats
  5 endoplasms
  4 giant cockroaches
  7 goblins
  7 hobgoblins
  A quokka (D:3)
  2 frilled lizards
  2 kobolds (D:1)
  3 rats
57 creatures vanquished.

Vanquished Creatures (others)
  70 plants (D:1)
70 creatures vanquished.

Grand Total: 127 creatures vanquished

Notes
Turn   | Place    | Note
-------+----------+-------------------------------------------
     0 | D:1      | Descartes the Felid Monk began the quest for the Orb.
     0 | D:1      | Reached XP level 1. HP: 10/10 MP: 2/2
   167 | D:1      | Reached XP level 2. HP: 8/14 MP: 3/3
   322 | D:1      | Learned a level 1 spell: Beastly Appendage
   874 | D:2      | Found a faded altar of an unknown god.
   932 | D:2      | Reached XP level 3. HP: 17/17 MP: 4/4
  1696 | D:3      | Reached skill level 1 in Transmutations
  2069 | D:2      | Reached XP level 4. HP: 1/21 MP: 3/5
  3843 | D:3      | Found an ancient bone altar of Kikubaaqudgha.
  3843 | D:3      | Found a shimmering altar of Xom.
  4006 | D:3      | Found a glowing silver altar of Zin.
  4006 | D:3      | Found an iron altar of Okawaru.
  4113 | D:4      | Reached XP level 5. HP: 12/25 MP: 4/6
  4287 | D:4      | Noticed an ogre
  4292 | D:4      | HP: 1/25 [ogre/+0 giant club (24)]
  4642 | D:3      | Demolished by an ogre
  4643 | D:3      | Reached XP level 4. HP: -15/22 MP: 5/5
  4683 | D:4      | Reached skill level 5 in Dodging
  4931 | D:4      | Noticed a scorpion
  4952 | D:4      | Slain by a scorpion

Illustrated notes

Levels and vault maps discovered:
D:1:      roderic_crop_circles_arrival_small, layout_loops_ring
D:2:      layout_rooms, nicolae_ecumenical_pavilion
D:3:      layout_loops_ring, amethyst_overflow_temple_binary,
          gammafunk_temple_overflow_wave
D:4:      layout_loops_ring, lemuel_round_altar, minmay_temple_entry_nine_rooms

Skill      XL: |  1  2  3  4 |
---------------+-------------+-----
Stealth        | 3 4 |  4.3
Transmutations | 1 |  1.9
Dodging        | 5 |  5.0
Fighting       | |  3.8
Unarmed Combat | |  3.8

Action                   |  1- 3 |  4- 6 || total
-------------------------+-------+-------++-------
Melee: Unarmed           |    86 |    96 ||   182
       Bite              |    13 |    14 ||    27
       Headbutt          |     3 |    13 ||    16
       Punch             |     1 |     2 ||     3
 Cast: Beastly Appendage |    12 |    30 ||    42
 Stab: Sleeping          |    10 |     4 ||    14
       Distracted        |     1 |       ||     1
Armor: Skin              |     2 |     5 ||     7
Dodge: Dodged            |    49 |    77 ||   126
